AoeStats
← renatomuzzi

Arena

509820493Analyzed
4v4 RM · 3d ago on Sep 28, 2026· 79m 49s· 8 players
Game mode
Random Map
Map size
Large (8 player)
Population
200
Speed
Normal
Resources
Standard
Victory
Conquest
Starting age
Dark Age
Ending age
Imperial Age
RankedLock teamsTeams togetherTeam positionsShared explorationLock speedFull tech treeHidden civsTurbo modeCheats
Victory
Defeat
🇨🇴 Bohemians · Colombia
607
+11
🇵🇪 Vietnamese · Peru
565
+13
🇵🇪 Danes · Peru
541
+14
🇲🇽 Khmer · Mexico
540
+14
🇧🇷 Saxons · Brazil
589
-16
🇳🇱 Britons · Netherlands
490
-13
🇨🇴 Khmer · Colombia
468
-12
🇧🇷 Vikings · Brazil
443
-11
Porowy
0:32 Loom
10:33 Feudal Age
11:08 Town Watch
12:04 Wheelbarrow
12:01 Double-Bit Axe
15:07 Horse Collar
23:26 Castle Age
24:45 Hand Cart
34:22 Imperial Age
32:47 Town Patrol
33:28 Heavy Plow
35:27 Forging
35:24 Scale Barding Armor
35:28 Murder Holes
36:42 Gold Mining
36:59 Stone Mining
38:45 Crop Rotation
38:34 Bow Saw
41:19 Double Crossbow
44:01 Chain Barding Armor
44:30 Iron Casting
45:29 Chemistry
47:06 Elite Ballista Elephant
49:09 Siphons
49:25 Ballistics
49:17 Fortified Wall
50:12 Blast Furnace
50:08 Plate Barding Armor
56:20 Caravan
62:07 Light Cavalry
62:50 Husbandry
63:01 Bloodlines
68:40 Devotion
69:17 Theocracy
69:10 Illumination
68:57 Redemption
68:59 Fervor
69:10 Sanctity
68:50 Herbal Medicine
68:58 Heated Shot
69:21 Masonry
77:52 Conscription
78:59 Spies/Treason
Caligula
0:33 Loom
12:07 Feudal Age
13:14 Double-Bit Axe
13:13 Horse Collar
14:11 Wheelbarrow
13:21 Town Watch
22:39 Castle Age
23:34 Heavy Plow
23:48 Bow Saw
23:08 Pikeman
25:03 Hand Cart
34:49 Imperial Age
33:08 Caravan
34:52 Chemistry
34:51 Town Patrol
36:45 Murder Holes
37:02 Masonry
38:04 Two-Man Saw
38:59 Architecture
43:30 Husbandry
42:52 Light Cavalry
45:34 Fortified Wall
47:19 Conscription
46:21 Elite Hussite Wagon
49:17 Bombard Tower
48:48 Guard Tower
51:07 Guilds
51:28 Coinage
51:48 Cavalier
53:20 Scale Barding Armor
53:26 Forging
53:17 Scale Mail Armor
54:37 Wagenburg Tactics
54:03 Sappers
54:39 Hussite Reforms
57:34 Banking
57:59 Houfnice
62:55 Chain Barding Armor
63:11 Iron Casting
62:52 Chain Mail Armor
62:27 Fletching
62:38 Padded Archer Armor
63:02 Heavy Scorpion
67:52 Arson
68:07 Squires
67:28 Halberdier
67:28 Man-at-Arms
69:10 Plate Mail Armor
69:41 Blast Furnace
68:36 Bodkin Arrow
68:56 Leather Archer Armor
68:57 Redemption
68:48 Atonement
68:59 Fervor
69:04 Block Printing
69:15 Illumination
68:50 Devotion
69:11 Sanctity
69:38 Onager
69:41 Capped Ram
73:30 Keep
73:16 Ballistics
73:23 Bracer
78:07 Ring Archer Armor
Althair
12:38 Feudal Age
13:08 Double-Bit Axe
13:06 Horse Collar
15:09 Gold Mining
15:10 Stone Mining
16:33 Wheelbarrow
20:05 Castle Age
20:56 Bow Saw
21:33 Thumb Ring
20:49 Crossbowman
21:32 Padded Archer Armor
22:29 Heavy Plow
28:20 Hand Cart
32:24 Ballistics
34:34 Stone Shaft Mining
34:18 Leather Archer Armor
33:54 Fletching
34:51 Husbandry
35:04 Bloodlines
36:11 Pikeman
36:52 Squires
36:38 Arson
38:31 Man-at-Arms
39:09 Bodkin Arrow
39:26 Elite Skirmisher
44:47 Caravan
46:57 Light Cavalry
51:09 Imperial Age
48:57 Herbal Medicine
48:46 Treadmill Crane
49:02 Murder Holes
49:19 Masonry
53:00 Chemistry
53:03 Two-Man Saw
52:43 Paper Money
51:46 Elite Rattan Archer
53:53 Theocracy
54:04 Arbalester
54:10 Capped Ram
55:50 Cavalier
58:16 Imperial Skirmisher
61:52 Halberdier
63:45 Ring Archer Armor
63:16 Bracer
63:26 Forging
63:17 Scale Mail Armor
63:23 Scale Barding Armor
62:41 Elite Battle Elephant
63:44 Bombard Tower
63:13 Arrowslits
79:08 Guard Tower
79:28 Fortified Wall
79:09 Heated Shot
79:24 Siege Engineers
79:31 Careening
79:31 Clinker Construction
79:38 Block Printing
79:50 Illumination
79:25 Devotion
79:46 Sanctity
79:27 Atonement
78:50 Elite Fire Lancer
78:51 Long Swordsman
79:54 Chain Barding Armor
79:50 Chain Mail Armor
80:11 Iron Casting
79:45 Chatras
79:17 Sappers
80:22 Hoardings
79:14 Heavy Cavalry Archer
79:25 Onager
lycandros
7:44 Loom
12:43 Feudal Age
13:52 Man-at-Arms
16:01 Arson
24:38 Wheelbarrow
24:01 Stone Mining
24:29 Gold Mining
24:39 Horse Collar
26:21 Double-Bit Axe
30:39 Castle Age
30:57 Scale Barding Armor
32:38 Gambesons
32:57 Squires
32:22 Pikeman
32:24 Long Swordsman
32:34 Crossbowman
32:40 Elite Skirmisher
35:21 Bow Saw
37:06 Gold Shaft Mining
37:18 Stone Shaft Mining
37:17 Hand Cart
43:03 Imperial Age
43:26 Elite Jomsviking
43:31 Hamask
44:52 Imperial Skirmisher
45:39 Thumb Ring
45:23 Two-Handed Swordsman
47:36 Northmen's Fury
49:55 Scale Barding Armor
49:51 Scale Mail Armor
50:01 Forging
49:42 Fletching
49:53 Padded Archer Armor
51:29 Onager
52:37 Conscription
53:52 Chemistry
54:17 Heavy Plow
54:36 Halberdier
55:56 Siege Onager
58:35 Heavy Scorpion
58:37 Capped Ram
60:19 Siege Ram
61:41 Chain Barding Armor
75:32 Plate Barding Armor
75:12 Chain Mail Armor
75:33 Iron Casting
75:14 Leather Archer Armor
74:56 Bodkin Arrow
75:25 Ballistics
74:56 Guard Tower
75:19 Masonry
75:14 Siege Engineers
75:05 Murder Holes
75:01 Heated Shot
74:57 Arrowslits
75:36 Shipwright
75:27 Clinker Construction
75:28 Careening
75:38 Block Printing
75:59 Theocracy
75:25 Devotion
75:46 Sanctity
75:37 Redemption
78:23 Town Watch
79:27 Keep
79:21 Illumination
79:07 Fervor
79:31 Plate Mail Armor
80:03 Blast Furnace
79:06 Caravan
79:38 Coinage
jrou774
11:04 Feudal Age
13:54 Double-Bit Axe
14:52 Loom
19:34 Castle Age
28:50 Imperial Age
33:23 Forging
35:45 Gold Mining
39:03 Ballistics
39:31 Heavy Scorpion
39:36 Capped Ram
42:25 Wheelbarrow
43:21 Iron Casting
42:56 Siphons
43:04 Padded Archer Armor
44:11 Hand Cart
50:13 Blast Furnace
50:23 Chemistry
49:20 Heated Shot
52:03 Fletching
52:41 Scale Barding Armor
52:52 Leather Archer Armor
52:02 Onager
52:03 Siege Ram
64:36 Sappers
71:32 Elite Battle Elephant
Puro_Osso
11:19 Feudal Age
13:20 Wheelbarrow
12:32 Double-Bit Axe
13:39 Loom
19:35 Man-at-Arms
21:10 Stone Mining
27:54 Castle Age
26:38 Gold Mining
27:52 Arson
28:59 Squires
30:53 Hand Cart
31:38 Fletching
33:06 Bodkin Arrow
37:37 Treadmill Crane
38:09 Fortified Wall
38:54 Gold Shaft Mining
42:12 Imperial Age
41:13 Ballistics
43:57 Scale Mail Armor
44:09 Forging
45:39 Chemistry
47:29 Murder Holes
48:37 Elite Varangian Guard
49:53 Masonry
51:35 Arrowslits
53:08 Chain Mail Armor
54:37 Architecture
55:07 Horse Collar
56:18 Conscription
56:17 Bow Saw
58:19 Onager
59:21 Siege Engineers
60:39 Onager
sjonsjon [nl]
10:57 Feudal Age
14:15 Wheelbarrow
19:32 Fletching
19:42 Padded Archer Armor
22:16 Castle Age
23:19 Double-Bit Axe
23:42 Bodkin Arrow
24:03 Leather Archer Armor
23:19 Crossbowman
37:17 Heated Shot
37:08 Treadmill Crane
37:49 Ballistics
37:21 Guard Tower
37:42 Fortified Wall
37:27 Murder Holes
38:23 Pikeman
39:04 Squires
38:50 Arson
40:07 Caravan
43:16 Hand Cart
45:32 Imperial Age
45:38 Imperial Age
43:53 Man-at-Arms
45:51 Arbalester
50:05 Keep
50:31 Chemistry
49:17 Arrowslits
49:45 Bracer
50:15 Ring Archer Armor
50:38 Hoardings
51:08 Long Swordsman
51:33 Gambesons
54:37 Conscription
55:44 Bow Saw
55:30 Gold Mining
55:31 Stone Mining
58:21 Two-Handed Swordsman
61:50 Forging
61:41 Scale Mail Armor
61:47 Scale Barding Armor
61:53 Siege Engineers
61:40 Sappers
64:02 Elite Skirmisher
renatomuzzi
1:11 Loom
10:41 Feudal Age
11:22 Double-Bit Axe
13:33 Gold Mining
13:36 Stone Mining
17:32 Horse Collar
20:19 Arson
27:14 Castle Age
26:33 Padded Archer Armor
26:25 Fletching
27:40 Crossbowman
28:24 Squires
28:26 Pikeman
29:57 Town Watch
31:11 Gold Shaft Mining
38:33 Imperial Age
36:54 Leather Archer Armor
36:41 Scale Mail Armor
39:31 Town Patrol
40:17 Ring Archer Armor
39:58 Forging
39:53 Scale Barding Armor
39:44 Bodkin Arrow
41:51 Chain Mail Armor
48:19 Cavalier
Connection lost

Rejoining the realm…

Still unreachable

The connection could not be restored.

Session expired

The server has moved on; the page needs a fresh start.